 Dungeon Crawl Stone Soup version 0.32-a0-975-g85d4e5bfdb (webtiles) character file.

Game seed: 8051842676651828305

660 GeoRichter the Shooter (level 7, -2/52 HPs)
             Began as a Coglin Hunter on Apr 19, 2024.
             Incinerated by a bombardier beetle (9 damage)
             ... with a burning spray
             ... on level 4 of the Dungeon.
             The game lasted 00:05:03 (3362 turns).

GeoRichter the Shooter (Coglin Hunter)              Turns: 3362, Time: 00:05:04

Health: -2/52      AC:  4    Str: 11    XL:     7   Next: 56%
Magic:  7/7        EV: 11    Int:  8    God:
Gold:   164        SH:  0    Dex: 20    Spells: 6/6 levels left

rFire   . . .        a - +2 sling {Henutmehyt}
rCold   . . .        d - +0 sling {Teicuih}
rNeg    . . .        c - +0 leather armour
rPois   .            (no helmet)
rElec   .            (no cloak)
rCorr   .            l - +0 pair of gloves
SInv    .            (no boots)
Will    .....        (amulet unavailable)
Stlth   +            (ring unavailable)
HPRegen 0.28/turn    (ring unavailable)
MPRegen 0.10/turn    (no gizmo)

%: no passive effects
@: on fire, glowing, revved
A: off-hand wielding, slow wielding, warmup strikes, no jewellery
a: Invent Gizmo


You were on level 4 of the Dungeon.
You visited 1 branch of the dungeon, and saw 5 of its levels.
You also visited: Sewer.

You collected 164 gold pieces.

Inventory:

Hand Weapons
 a - a +2 sling (weapon) {Henutmehyt}
 d - a +0 sling (offhand) {Teicuih}
Armour
 c - a +0 leather armour (worn)
 l - a +0 pair of gloves (worn)
   (You found it on level 2 of the Dungeon)
Wands
 p - a wand of roots (12)
   (You found it on level 3 of the Dungeon)
Scrolls
 b - a scroll of butterflies
 e - 3 scrolls of teleportation {@r4}
 g - a scroll of fear {unknown}
 k - a scroll of immolation {unknown}
 o - a scroll of blinking
 s - a scroll of amnesia {unknown}
 t - a scroll of fog {unknown}
 v - a scroll of enchant weapon {unknown}
 w - 3 scrolls of identify {unknown}
Potions
 f - 2 potions of cancellation {unknown}
 h - a potion of heal wounds {unknown}
 i - a potion of magic {unknown}
 j - 4 potions of curing {unknown}
 m - 2 potions of might {unknown}
 n - a potion of brilliance {unknown}
 q - 2 potions of enlightenment {unknown}
 r - a potion of lignification {unknown}
 u - a potion of degeneration {unknown}


   Skills:
 + Level 3.1 Fighting
 * Level 7.9 Ranged Weapons
 - Level 1.7 Dodging
 - Level 0.7 Stealth


You had 6 spell levels left.
You didn't know any spells.
Your spell library contained the following spells:

 Spells                   Type           Power      Damage    Failure   Level
 Dazzling Flash           Conj/Hex       0%         N/A       86%         3
 Fugue of the Fallen      Necr           0%         N/A       86%         3
 Mephitic Cloud           Conj/Alch/Air  0%         N/A       86%         3
 Ozocubu's Armour         Ice            0%         N/A       86%         3
 Brom's Barrelling Bould  Conj/Erth      0%         2d3       99%         4
 Silence                  Hex/Air        0%         N/A       100%        5
 Manifold Assault         Tloc           0%         N/A       100%        7
 Seismic Cannonade        Alch/Erth      0%         6d4       100%        7
 Polar Vortex             Ice            0%         N/A       100%        9


Dungeon Overview and Level Annotations

Branches:
Dungeon (5/15) Zot: 26829  Temple (0/1) D:5           Sewer (visited)

Altars:

Annotations:
D:5 Blork the orc


Innate Abilities, Weirdness & Mutations

You can wield a second weapon in your off-hand.
It takes a long time for you to wield or remove held weapons.
Your first few attacks do less damage.
You cannot equip rings or amulets.


Message History

The bombardier beetle is lightly wounded.
The iguana bites you!
* * * LOW HITPOINT WARNING * * *
Fire: a) +2 sling {Henutmehyt}
Press: ? - help, Q - select action, (/) - cycle Shift-Dir - straight line, f/p - bombardier beetle
Aim: a bombardier beetle (lightly wounded, 76% to hit)
You shoot a sling bullet. The sling bullet hits the iguana!
The iguana is severely wounded.
You shoot a sling bullet.
The sling bullet hits the iguana but does no damage.
The iguana is severely wounded.
The iguana bites you.
* * * LOW HITPOINT WARNING * * *
Fire: a) +2 sling {Henutmehyt}
Press: ? - help, Q - select action, (/) - cycle Shift-Dir - straight line, f/p - bombardier beetle
Aim: a bombardier beetle (lightly wounded, 76% to hit)
You shoot a sling bullet. The sling bullet hits the iguana.
The iguana is almost dead.
You shoot a sling bullet.
The sling bullet barely misses the iguana.
The sling bullet closely misses the bombardier beetle.
The iguana closely misses you.
Fire: a) +2 sling {Henutmehyt}
Press: ? - help, Q - select action, (/) - cycle Shift-Dir - straight line, f/p - bombardier beetle
Aim: a bombardier beetle (lightly wounded, 76% to hit)
You shoot a sling bullet.
The sling bullet hits the iguana but does no damage.
The iguana is almost dead.
You shoot a sling bullet. The sling bullet hits the iguana.
The iguana is almost dead.
The iguana bites you but does no damage.
The iguana completely misses you.
Fire: a) +2 sling {Henutmehyt}
Press: ? - help, Q - select action, (/) - cycle Shift-Dir - straight line, f/p - bombardier beetle
Aim: a bombardier beetle (lightly wounded, 76% to hit)
You shoot a sling bullet. The sling bullet hits the iguana.
You kill the iguana!
You shoot a sling bullet.
The sling bullet hits the bombardier beetle.
The bombardier beetle is moderately wounded.
The bombardier beetle sprays incendiary fluid at you.
The burning spray hits you.
You are covered in liquid fire!
The liquid fire burns you!
* * * LOW HITPOINT WARNING * * *
You shake off some of the fire as you move.
You climb upwards.
The liquid fire burns you!
You die...

###### ###########
#....# #.........#
#....# #.........#
#....# #...@.....#
#....### #.........#
#......######.........#
#....#..##............#
###.###.##.##.........#
#..# #.##.##.........#
#.## #......#####.####
#.# ####รท#.## #.# #.#
##....#..## #.#


There were no monsters in sight!

Vanquished Creatures
  2 bullfrogs (Sewer)
  2 bombardier beetles
  A gnoll bouda (D:5)
  An orc priest (D:3)
  2 hounds
  An iguana (D:5)
  2 orc wizards
  5 gnolls
  A river rat (D:3)
  6 adders
  3 ribbon worms
  14 dart slugs
  7 orcs
  4 endoplasms
  18 giant cockroaches
  4 goblins
  6 hobgoblins
  4 jackals (D:3)
  3 quokkas
  13 ball pythons
  3 bats
  11 frilled lizards
  7 kobolds
  11 rats
131 creatures vanquished.

Notes
Turn   | Place    | Note
-------+----------+-------------------------------------------
     0 | D:1      | GeoRichter the Coglin Hunter began the quest for the Orb.
     0 | D:1      | Reached XP level 1. HP: 16/16 MP: 1/1
    56 | D:1      | Reached skill level 4 in Ranged Weapons
    56 | D:1      | Reached XP level 2. HP: 17/22 MP: 2/2
   743 | D:2      | Reached XP level 3. HP: 27/27 MP: 3/3
  1074 | D:2      | Reached skill level 5 in Ranged Weapons
  1080 | D:2      | Reached XP level 4. HP: 33/33 MP: 4/4
  1318 | D:3      | Reached XP level 5. HP: 25/38 MP: 5/5
  1378 | D:3      | Found a glowing drain.
  1388 | Sewer    | Entered a sewer
  1432 | Sewer    | Reached skill level 6 in Ranged Weapons
  1594 | Sewer    | Reached XP level 6. HP: 44/44 MP: 6/6
  1653 | Sewer    | Reached skill level 7 in Ranged Weapons
  1716 | Sewer    | Got the Almanac of the Blizzard and Tephra
  2163 | D:3      | Found a faded altar of an unknown god.
  2647 | D:4      | Reached XP level 7. HP: 32/50 MP: 7/7
  3194 | D:5      | Entered Level 5 of the Dungeon
  3254 | D:5      | Found a staircase to the Ecumenical Temple.
  3302 | D:5      | Noticed Blork the orc
  3362 | D:4      | Incinerated by a bombardier beetle

Illustrated notes

Levels and vault maps discovered:
D:1:      psy_arrival_spokes, layout_loops_ring
D:2:      layout_rooms, serial_curves, eino_curves_02, eino_curves_04,
          eino_curves_03, eino_curves_02, minmay_pentomino_r2
D:3:      layout_basic, portal_sewer_entry_e, basic_ecumenical_altar,
          corexii_hall_statues_x
D:4:      layout_rooms, minmay_misc_feat_encased
D:5:      layout_basic, mainiacjoe_overflow_concentric_impassable,
          fedhas_altar_fruit_tree, temple_pool_b, enter_ossuary_5,
          grunt_ministairs_15, uniq_blork_the_orc

Skill      XL: |  1  2  3  4  5  6  7 |
---------------+----------------------+-----
Ranged Weapons | 4 5 6 7 |  7.9
Fighting       | 3 |  3.1
Dodging        | |  1.7
Stealth        | |  0.7

Action                     |  1- 3 |  4- 6 |  7- 9 || total
---------------------------+-------+-------+-------++-------
   Fire: Sling             |   156 |   330 |   138 ||   624
    Use: Scroll            |       |     1 |       ||     1
 Armour: Leather armour    |     9 |    23 |    26 ||    58
  Dodge: Dodged            |    11 |    11 |    20 ||    42

Table legend: (Time is in decaauts)
 A = Elapsed time spent in this place.
 B = Non-inter-level travel time spent in this place.
 C = Inter-level travel time spent in this place.
 D = Time resting spent in this place.
 E = Time spent auto-exploring this place.
 F = Levels seen in this place.
 G = Mean time per level.
                   A        B        C        D        E       F      G
               +--------+--------+--------+--------+--------+-----+--------+
         Total |   3486 |   3347 |    139 |     63 |   2559 |   6 |  581.0 |
       Dungeon |   2860 |   2721 |    139 |     63 |   2090 |   5 |  572.0 |
         Sewer |    626 |    626 |      0 |      0 |    468 |   1 |  626.0 |
               +--------+--------+--------+--------+--------+-----+--------+

Top non-repeatable levels by time:
     D:3: 842 daAuts
     D:1: 728 daAuts
   Sewer: 626 daAuts
     D:4: 599 daAuts
     D:2: 537 daAuts
     D:5: 153 daAuts
